 Dungeon Crawl Stone Soup version 0.32-a0-43-g058985b245 (webtiles) character file.

Game seed: 4399118808848277678

7704 Ceno the Jinx (level 11, -3/59 HPs)
             Began as a Vampire Enchanter on Feb 4, 2024.
             Was a Priest of Kikubaaqudgha.
             Hit by a javelin thrown by Urug (18 damage)
             ... on level 11 of the Dungeon.
             The game lasted 00:38:43 (12047 turns).

Ceno the Jinx (Vampire Enchanter)                  Turns: 12047, Time: 00:38:44

Health: -3/59      AC: 10    Str:  7    XL:     11   Next: 0%
Magic:  10/17      EV: 16    Int: 26    God:    Kikubaaqudgha [***...]
Gold:   643        SH:  0    Dex: 17    Spells: 3/18 levels left

rFire   + . .        a - +1 dagger (speed)
rCold   + + .        (no shield)
rNeg    + + +        P - +2 steam dragon scales
rPois   ∞            (no helmet)
rElec   .            F - +0 cloak
rCorr   .            K - +0 pair of gloves
SInv    +            f - +0 pair of boots
Will    +....        (no amulet)
Stlth   +++++++      u - +6 ring of intelligence
HPRegen 0.00/turn    H - ring of protection from fire
MPRegen 0.15/turn

%: no passive effects
@: bloodless, inhibited regen
A: bloodless, fangs 3, see invisible, vampiric 2
a: Bat Form, Revivify, Renounce Religion, Unearth Wretches


You were on level 11 of the Dungeon.
You worshipped Kikubaaqudgha.
Kikubaaqudgha was most pleased with you.
You visited 2 branches of the dungeon, and saw 12 of its levels.
You also visited: Ossuary.

You collected 643 gold pieces.

Inventory:

Hand Weapons
 a - a +1 dagger of speed (weapon)
 b - a +2 rapier of draining
 e - a +1 dagger of flaming
 B - a +0 rapier
Missiles
 d - 128 stones (quivered)
 s - 59 poisoned darts
 J - 2 curare-tipped darts
 M - 2 throwing nets
Armour
 f - a +0 pair of boots (worn)
 F - a +0 cloak (worn)
 K - a +0 pair of gloves (worn)
 P - +2 steam dragon scales (worn)
Jewellery
 u - a +6 ring of intelligence (left hand)
 v - a ring of protection from cold
 H - a ring of protection from fire (right hand)
Wands
 w - a wand of light (8)
 y - a wand of flame (27)
 E - a wand of iceblast (9)
 G - a wand of paralysis (11)
 O - a wand of mindburst (23)
Scrolls
 g - a scroll of fear {unknown}
 i - a scroll of acquirement {unknown}
 k - 4 scrolls of immolation
 m - a scroll of noise
 o - a scroll of poison {unknown}
 q - a scroll of revelation
 r - 2 scrolls of enchant weapon {unknown}
 x - 2 scrolls of amnesia
 D - 2 scrolls of silence {unknown}
 L - a scroll of vulnerability {unknown}
 Q - 2 scrolls of teleportation {unknown}
 S - 2 scrolls of brand weapon {unknown}
Potions
 c - 3 potions of invisibility
 h - 6 potions of mutation
 j - a potion of degeneration {unknown}
 l - 2 potions of lignification {unknown}
 n - 2 potions of enlightenment
 p - 2 potions of brilliance {unknown}
 t - a potion of attraction {unknown}
 z - 2 potions of haste {unknown}
 A - 2 potions of ambrosia
 C - 2 potions of might {unknown}
 I - 6 potions of curing
 N - a potion of magic {unknown}
 R - a potion of resistance {unknown}


   Skills:
 + Level 2.8 Fighting
 + Level 9.6 Short Blades
 - Level 8.0 Dodging
 - Level 10.0 Stealth
 + Level 4.3 Spellcasting
 - Level 10.5 Hexes
 + Level 8.1 Necromancy


You had 3 spell levels left.
You knew the following spells:

 Your Spells              Type           Power      Damage    Failure   Level
a - Animate Dead          Necr           48%        N/A       2%          4
b - Confusing Touch       Hex            57%        N/A       1%          3
c - Tukima's Dance        Hex            57%        N/A       1%          3
d - Dazzling Flash        Conj/Hex       66%        N/A       2%          3
e - Ensorcelled Hibernat  Hex/Ice        66%        N/A       1%          2

Your spell library contained the following spells:

 Spells                   Type           Power      Damage    Failure   Level
 Kiss of Death            Conj/Necr      100%       2d13      1%          1
 Necrotise                Necr           100%       1d9       1%          1
 Sublimation of Blood     Necr           48%        N/A       1%          2
 Vampiric Draining        Necr           48%        2d9       1%          3
 Shock                    Conj/Air       20%        1d4       9%          1
 Sting                    Conj/Alch      20%        1d4       9%          1
 Blink                    Tloc           10%        N/A       12%         2
 Lesser Beckoning         Tloc           10%        N/A       12%         2
 Mercury Vapours          Alch/Air       10%        N/A       12%         2
 Momentum Strike          Conj/Tloc      10%        3d8       12%         2
 Gell's Gravitas          Tloc           5%         N/A       24%         3
 Swiftness                Air            5%         N/A       24%         3
 Teleport Other           Tloc           5%         N/A       24%         3
 Anguish                  Hex/Necr       26%        N/A       1%          4
 Curse of Agony           Necr           48%        N/A       8%          5
 Borgnjor's Vile Clutch   Necr/Erth      13%        N/A       38%         5
 Death Channel            Necr           24%        N/A       41%         6
 Airstrike                Air            2%         2d(1-17)  63%         4
 Olgreb's Toxic Radiance  Alch           5%         N/A       63%         4
 Petrify                  Alch/Erth      5%         N/A       63%         4
 Irradiate                Conj/Alch      2%         3d12      92%         5
 Dispersal                Tloc           2%         N/A       100%        6


Dungeon Overview and Level Annotations

Branches:
Dungeon (11/15)            Temple (1/1) D:6            Lair (0/5) D:11
    Orc (0/2) D:9         Ossuary (visited)

Altars:
Ashenzari
Cheibriados
Dithmenos
Fedhas
Gozag
Kikubaaqudgha
Makhleb
Nemelex Xobeh
Okawaru
Qazlal
Ru
Sif Muna
Uskayaw
Vehumet
Wu Jian
Xom
Yredelemnul

Shops:
D:3 [   D:4 ?*(   D:6 *   D:9 =

Annotations:
D:11 2 exclusions, Urug


Innate Abilities, Weirdness & Mutations

You do not regenerate when monsters are visible.
You are frail without blood (-20% HP).
You can heal yourself when you bite living creatures.
You are immune to poison.
You have razor-sharp teeth.
You have supernaturally acute eyesight. (SInv)
You are afflicted with vampirism and can become a bat while bloodless.


Message History

The orc attacks as it pursues you! The orc barely misses you.
There is an open door here.
Casting: Confusing Touch (safe; 1% risk of failure)
Confirm with . or Enter, or press ? or * to list all spells.
Casting: Dazzling Flash (dangerous; 2% risk of failure)
Press: ? - help, Dir - look around, f - activate The orc warrior is dazzled.
The orc priest is dazzled.
The orc hits you but does no damage.
The orc priest calls down the wrath of Beogh upon you.
Beogh smites you!
Casting: Dazzling Flash (dangerous; 2% risk of failure)
Confirm with . or Enter, or press ? or * to list all spells.
Casting: Dazzling Flash (dangerous; 2% risk of failure)
Press: ? - help, Dir - look around, f - activate Look: Urug, wielding a +5 great sword, wearing a +0 ring mail and quivering javelins (chance to dazzle: 50%)
The orc is dazzled.
The orc priest is dazzled.
Casting: Dazzling Flash (dangerous; 2% risk of failure)
Confirm with . or Enter, or press ? or * to list all spells.
Aiming: Tukima's Dance (safe; 1% risk of failure)
Press: ? - help, Shift-Dir - straight line, f/p - Urug
Aim: Urug, wielding a +5 great sword, wearing a +0 ring mail and quivering javelins (chance to affect: 58%)
The +5 great sword dances into the air!
You swap places.
The orc warrior is no longer blind.
Urug hits your +5 great sword.
Urug throws a javelin.
The javelin pierces through your +5 great sword!
The javelin pierces through you!
* * * LOW HITPOINT WARNING * * *
Your +5 great sword barely misses Urug.
Urug hits your +5 great sword!
Your +5 great sword falls from the air.
The orc is no longer blind.
Urug throws a javelin.
The javelin closely misses you.
There is an open door here.
Urug throws a javelin.
The javelin misses you.
Urug squints, then shrugs and mutters, "Close enough."
Urug throws a javelin.
The javelin pierces through you!!
You die...
Urug says, "One more harpy dead."
Kikubaaqudgha rasps: "You have failed me!
Welcome... oblivion!"

##...## ##...##
#..⌠..##+##..oo.+
##...##...##...##
##.##.....##.##
#'#.......''#
##.##.....##.##
##...##...##...##
#..⌠..##'##.....+
##...##...##.@.##
##.##.....##.##
#'#...♣...#+#
##.##.....##
##...##...##
#.....##'##
##...##..# .
##.###.## ...
##'# #.#


You could see Urug and an orc.

Vanquished Creatures
  An unseen horror (D:10)
  A komodo dragon (D:11)
  3 trolls
  Prince Ribbit (D:6)
  A shadow (D:10)
  Sigmund (D:3)
  2 wraiths
  2 steam dragons
  5 vampire mosquitoes
  3 water moccasins
  7 orc warriors
  A sky beast (D:8)
  2 ice beasts
  2 black bears
  2 ogres
  3 centaurs
  A phantom (D:6)
  5 kobold brigands
  A weeping skull (D:5)
  A bullfrog (D:9)
  2 scorpions (D:5)
  3 gnoll sergeants
  4 killer bees (D:10)
  5 howler monkeys
  4 bombardier beetles
  A centaur zombie (Ossuary)
  7 hounds
  2 jellies
  7 orc priests
  3 iguanas
  Ijyb (D:5)
  A sleepcap (D:7)
  Jessica (D:3)
  A gnoll bouda (D:7)
  6 orc wizards
  2 crocodile zombies (Ossuary)
  A mummy (Ossuary)
  2 adders
  13 gnolls
  2 white imps
  A ribbon worm (D:4)
  4 dart slugs
  42 orcs
  5 bats
  8 endoplasms
  3 giant cockroaches (D:1)
  2 gnoll zombies (Ossuary)
  8 goblins
  3 hobgoblins
  6 quokkas
  5 ball pythons
  A frilled lizard (D:3)
  2 goblin zombies (D:7)
  17 kobolds
  3 kobold zombies (Ossuary)
  4 rats
  A spectral orc (D:5)
228 creatures vanquished.

Vanquished Creatures (collateral kills)
  Maggie (D:9)
  A centaur (D:10)
  A gnoll sergeant (D:9)
  2 orc wizards
  A gnoll (D:8)
  3 orcs
9 creatures vanquished.

Vanquished Creatures (others)
  3 dancing weapons
  A kobold zombie (D:9)
  A gnoll (D:9)
  3 gnoll zombies (D:9)
8 creatures vanquished.

Grand Total: 245 creatures vanquished

Notes
Turn   | Place    | Note
-------+----------+-------------------------------------------
     0 | D:1      | Ceno the Vampire Enchanter began the quest for the Orb.
     0 | D:1      | Reached XP level 1. HP: 13/13 MP: 3/3
   230 | D:1      | Reached XP level 2. HP: 19/19 MP: 5/5
   238 | D:1      | Learned a level 2 spell: Ensorcelled Hibernation
   462 | D:1      | Reached skill level 5 in Stealth
   470 | D:1      | Gained mutation: You are afflicted with vampirism and can
                  | become a bat while bloodless. [Vampire growth]
   470 | D:1      | Reached XP level 3. HP: 24/24 MP: 2/7
   474 | D:1      | Learned a level 3 spell: Confusing Touch
  1152 | D:1      | Reached skill level 5 in Hexes
  2041 | D:3      | Found a blossoming altar of Fedhas.
  2174 | D:3      | Noticed Jessica
  2176 | D:3      | Found Cyux's Armour Emporium.
  2181 | D:3      | Killed Jessica
  2182 | D:3      | Reached XP level 4. HP: 24/24 MP: 5/9
  2190 | D:3      | Learned a level 3 spell: Tukima's Dance
  2262 | D:3      | Identified the +5 whip of Reapportionment {protect, *Noise
                  | rElec rCorr}
  2315 | D:3      | Noticed Sigmund
  2317 | D:3      | Killed Sigmund
  2318 | D:3      | Reached XP level 5. HP: 28/28 MP: 9/11
  2322 | D:3      | Learned a level 3 spell: Dazzling Flash
  2560 | D:4      | Reached XP level 6. HP: 27/32 MP: 8/12
  2701 | D:4      | Found Egyl's Assorted Antiques.
  2728 | D:4      | Found Jaes's Antique Weapon Shop.
  2767 | D:4      | Found an opulent altar of Gozag.
  2783 | D:4      | Found Ynimoss's Magic Scroll Boutique.
  3613 | D:5      | Entered Level 5 of the Dungeon
  3643 | D:5      | Reached XP level 7. HP: 33/36 MP: 10/13
  3756 | D:5      | Found a basalt altar of Yredelemnul.
  4103 | D:5      | Found a shimmering altar of Xom.
  4169 | D:5      | Noticed Ijyb
  4195 | D:5      | Killed Ijyb
  4561 | D:5      | HP: 1/36 [burnt (1)]
  4763 | D:5      | Reached XP level 8. HP: 38/41 MP: 12/14
  5212 | D:6      | Found a staircase to the Ecumenical Temple.
  5218 | Temple   | Entered the Ecumenical Temple
  5237 | Temple   | Became a worshipper of Kikubaaqudgha
  5352 | D:6      | Reached skill level 5 in Short Blades
  5457 | D:6      | Reached skill level 10 in Stealth
  5457 | D:6      | Reached skill level 1 in Necromancy
  5464 | D:6      | Found Yschus's General Store.
  5535 | D:6      | Noticed Prince Ribbit
  5635 | D:6      | Found a radiant altar of Vehumet.
  5957 | D:6      | Killed Prince Ribbit
  6002 | D:6      | HP: 2/41 [gnoll/+0 halberd (10)]
  6286 | D:7      | Reached skill level 10 in Hexes
  6286 | D:7      | Reached XP level 9. HP: 45/45 MP: 15/15
  6289 | D:7      | Found a sand-covered staircase.
  6303 | D:7      | Reached * piety under Kikubaaqudgha
  6303 | D:7      | Received a gift from Kikubaaqudgha
  6312 | Ossuary  | Entered an ossuary
  6525 | D:7      | Learned a level 4 spell: Animate Dead
  6768 | D:7      | Found an iron altar of Okawaru.
  7448 | D:8      | Reached skill level 5 in Dodging
  7539 | D:8      | Reached ** piety under Kikubaaqudgha
  7735 | D:8      | Reached skill level 5 in Necromancy
  8886 | D:9      | Found a staircase to the Orcish Mines.
  8886 | D:9      | Noticed a troll
  8923 | D:8      | Reached XP level 10. HP: 36/50 MP: 4/16
  9336 | D:9      | Found a stormy altar of Qazlal.
  9495 | D:9      | Found a broken altar of Ashenzari.
  9554 | D:9      | Noticed Maggie
  9566 | D:9      | Killed Maggie
  9671 | D:9      | Found Joun Tub's One-of-a-Kind Rings.
 10188 | D:10     | Entered Level 10 of the Dungeon
 10293 | D:10     | Reached *** piety under Kikubaaqudgha
 10293 | D:10     | Received a gift from Kikubaaqudgha
 10294 | D:10     | Reached skill level 1 in Fighting
 11886 | D:11     | Found a staircase to the Lair.
 12000 | D:11     | Reached XP level 11. HP: 59/59 MP: 17/17
 12029 | D:11     | Noticed Urug
 12047 | D:11     | Hit by a javelin thrown by Urug

Illustrated notes

Levels and vault maps discovered:
D:1:      dpeg_arrival_ternary, layout_loops_corners
D:2:      layout_loops_ring
D:3:      layout_rooms, lemuel_tele_altar, serial_shops, shop, uniq_sigmund,
          uniq_jessica
D:4:      kennysheep_six_static_rooms, layout_loops_ring,
          mainiacjoe_overflow_six_doors_small, serial_shops, shop, shop, shop,
          chequers_serial_rivers_micro_c
D:5:      layout_basic, lemuel_round_altar, yredelemnul_forgotten_temple_becter,
          uniq_ijyb
D:6:      layout_loops_ring, nicolae_overflow_hidden_temple,
          minmay_temple_entry_fiery, serial_shops, nicolae_shop_window_shopping,
          uniq_prince_ribbit1
D:7:      layout_rooms, mainiacjoe_overflow_chevrons, enter_ossuary_4
D:8:      layout_basic
D:9:      layout_roguey, mainiacjoe_overflow_cross_hatched,
          mainiacjoe_overflow_brackets, nicolae_ashenzari_panopticon,
          kennysheep_orc_monster_closet_entryway, nicolae_shop_unique_rings,
          nicolae_titane, uniq_maggie
D:10:     layout_loops_corners
D:11:     layout_basic, lair_entry_dummy, nicolae_hexahallways,
          nicolae_neqoxec_dot_bat, uniq_urug
Temple:   hellmonk_temple_of_storms

Skill      XL: |  1  2  3  4  5  6  7  8  9 10 |
---------------+-------------------------------+-----
Stealth        | 5 6 7 8 9 10 | 10.0
Hexes          | 5 6 7 8 10 | 10.5
Spellcasting   | 3 4 |  4.3
Short Blades   | 2 4 6 8 9 |  9.6
Necromancy     | 3 6 8 |  8.1
Dodging        | 4 6 8 |  8.0
Fighting       | 2 |  2.8

Action                     |  1- 3 |  4- 6 |  7- 9 | 10-12 || total
---------------------------+-------+-------+-------+-------++-------
  Melee: Dagger            |    72 |    73 |   432 |   222 ||   799
         Bite              |     7 |     9 |    65 |    27 ||   108
         Punch             |     1 |     1 |     5 |     4 ||    11
  Throw: Stone             |     2 |     1 |     5 |       ||     8
   Cast: Ensorcelled Hiber |    15 |     5 |     9 |       ||    29
         Confusing Touch   |     6 |     7 |    38 |    23 ||    74
         Dazzling Flash    |       |     3 |    28 |    14 ||    45
         Tukima's Dance    |       |       |    14 |    13 ||    27
         Animate Dead      |       |       |       |     1 ||     1
Ability: Exsanguinate      |     1 |       |       |       ||     1
    Use: Scroll            |     1 |     1 |     7 |     1 ||    10
         Potion            |       |       |     1 |       ||     1
   Stab: Sleeping          |    29 |    12 |    32 |    10 ||    83
         Confused          |     5 |     2 |    26 |    19 ||    52
         Invisible         |       |     1 |    21 |    12 ||    34
 Armour: Robe              |    18 |    23 |   121 |       ||   162
         Steam dragon scal |       |       |     7 |    57 ||    64
  Dodge: Dodged            |    29 |    27 |   205 |    79 ||   340

Table legend: (Time is in decaauts)
 A = Elapsed time spent in this place.
 B = Non-inter-level travel time spent in this place.
 C = Inter-level travel time spent in this place.
 D = Time resting spent in this place.
 E = Time spent auto-exploring this place.
 F = Levels seen in this place.
 G = Mean time per level.
                   A        B        C        D        E       F      G
               +--------+--------+--------+--------+--------+-----+--------+
         Total |  11765 |  11356 |    409 |   1889 |   6287 |  13 |  905.0 |
       Dungeon |  11679 |  11278 |    401 |   1889 |   6287 |  11 | 1061.7 |
        Temple |     28 |     20 |      8 |      0 |      0 |   1 |   28.0 |
       Ossuary |     57 |     57 |      0 |      0 |      0 |   1 |   57.0 |
               +--------+--------+--------+--------+--------+-----+--------+

Top non-repeatable levels by time:
     D:8: 1332 daAuts
     D:9: 1322 daAuts
     D:5: 1286 daAuts
     D:1: 1262 daAuts
     D:4: 1199 daAuts
    D:10: 1197 daAuts
     D:6: 1170 daAuts
     D:7: 1040 daAuts
     D:2: 676 daAuts
    D:11: 597 daAuts
     D:3: 594 daAuts
 Ossuary: 57 daAuts
  Temple: 28 daAuts
